Map: Cactus Valley LE (Void)

Players

Gremory

  • Race: Zerg Zerg
  • Spawn Location: 11:00

Bunny - Winner!

  • Race: Terran Terran
  • Spawn Location: 1:00

Event: IEM XI Katowice - World Championship 2017

VOD

Have the link to the VOD?

Description

Time

  • Played on: Feb. 28, 2017, 3:58 a.m.
  • Length: 5:37

All games in this series

Show
View Real Time Build Order
Export as new Build Order

Gremory Zerg 

Build Orders: Hatch First 

Get SALT Encoding   

  12  0:01  Drone  
  13  0:12  Overlord  
  13  0:18  Drone  
  14  0:31  Drone x2  
  16  0:39  Drone  
  17  0:55  Hatchery  
  16  0:57  Drone  
  16  1:01  Drone  
  18  1:05  Extractor  
  17  1:17  Spawning Pool  
  16  1:21  Drone  
  16  1:24  Drone  
  18  1:28  Drone  
  19  1:40  Overlord  
  19  2:04  Queen  
  19  2:05  Zergling x4  
  19  2:06  Metabolic Boost  
  23  2:11  Queen  
  23  2:14  Zergling x2  
  26  2:22  Spore Crawler  
  25  2:23  Zergling x2  
  25  2:33  Drone x3  
  29  2:40  Drone x2  
  30  2:45  Drone  
  31  2:51  Queen  
  31  2:54  Overlord  
  33  2:58  Drone  
  33  3:01  Drone  
  35  3:15  Overlord, Drone  
  35  3:16  Drone x3  
  39  3:22  Drone x2  
  41  3:33  Overlord  
  41  3:34  Drone x3  
  44  3:37  Extractor  
  44  3:40  Roach Warren  
  43  3:52  Hatchery  
  42  3:58  Drone x2  
  42  3:59  Drone x2  
  42  4:01  Zergling x4  
  44  4:20  Drone  
  44  4:21  Drone x5  
  45  4:27  Roach x3  
  51  4:35  Overlord  
  51  4:40  Overlord  
  51  4:47  Queen, Evolution Chamber  
  51  4:48  Overlord  
  48  5:01  Drone  
  48  5:02  Drone x2  
  48  5:06  Roach  
  48  5:07  Roach x3  
  53  5:24  Spore Crawler x2  
Show
View Real Time Build Order
Export as new Build Order

Bunny Terran - Winner!

Build Orders: Reaper Expand, Hellion Banshee 

Get SALT Encoding   

  12  0:00  SCV  
  13  0:13  SCV  
  14  0:17  Supply Depot  
  14  0:25  SCV  
  15  0:39  SCV  
  15  0:41  Barracks  
  16  0:44  Refinery  
  16  0:51  SCV  
  17  1:03  SCV  
  18  1:15  SCV  
  19  1:27  Orbital Command  
  19  1:28  Reaper  
  20  1:41  Command Center  
  20  1:53  SCV  
  21  1:54  Supply Depot  
  21  2:00  Marine  
  22  2:05  SCV  
  23  2:09  Factory  
  23  2:17  SCV  
  23  2:18  Refinery  
  23  2:21  Barracks Reactor  
  24  2:29  SCV  
  25  2:41  SCV  
  26  2:53  SCV  
  26  2:54  Starport, Orbital Command  
  27  3:02  Hellion x2  
  27  3:03  Barracks Tech Lab  
  27  3:05  SCV  
  32  3:17  SCV  
  33  3:20  SCV  
  33  3:24  Supply Depot, Hellion x2  
  38  3:29  SCV  
  38  3:32  SCV  
  40  3:39  Medivac  
  40  3:40  Cloaking Field  
  42  3:45  Hellion x2  
  42  3:48  Supply Depot  
  46  3:49  SCV  
  46  3:54  SCV  
  47  3:58  Armory  
  47  4:03  SCV  
  47  4:06  SCV  
  51  4:10  Hellion x2  
  51  4:14  Banshee  
  54  4:20  SCV x2  
  54  4:26  Supply Depot  
  58  4:31  Hellion x2  
  58  4:32  SCV  
  58  4:33  SCV  
  60  4:45  SCV x2  
  62  4:47  Command Center  
  62  4:57  Hellion, SCV x2  
  64  5:06  Hellion  
  69  5:09  SCV  
  69  5:11  Supply Depot  

Tags
 
Add a new tag
Caveats
  • Supply blocks, unpowered buildings, or Contaminate may cause inaccurate times.
  • Supply counts are checked every 10 seconds.